 Dungeon Crawl Stone Soup version 0.21-a0-43-g1479571 (webtiles) character file.

1615 roguesci the Changer (level 8, 0/64 HPs)
             Began as a Pale Draconian Transmuter on June 6, 2017.
             Slain by a killer bee (10 damage)
             ... on level 5 of the Dungeon.
             The game lasted 00:18:06 (6375 turns).

roguesci the Changer (Pale Draconian Transmuter)    Turns: 6375, Time: 00:18:06

Health: 0/64       AC:  2    Str: 18    XL:     8   Next: 64%
Magic:  12/13      EV: 23    Int: 16    God:
Gold:   212        SH:  0    Dex: 16    Spells: 10/14 levels left

rFire    . . .     SeeInvis .     - Unarmed
rCold    . . .     Gourm    .   (shield currently unavailable)
rNeg     . . .     Faith    .   (armour unavailable)
rPois    x         Spirit   .   (helmet currently unavailable)
rElec    .         Reflect  .   (cloak currently unavailable)
rCorr    .         Harm     .   (gloves currently unavailable)
MR       .....                  (boots currently unavailable)
Stlth    ++........             (no amulet)
Regen    0.2/turn               (no ring)
MPRegen  0.2/turn               (no ring)

@: mighty, lethally poisoned (0 -> -13), spider-form, flying
A: (breathe steam), unfitting armour, AC +6
a: End Transformation


You were on level 5 of the Dungeon.
You were not hungry.
You were a venomous arachnid creature.
You visited 1 branch of the dungeon, and saw 5 of its levels.
You also visited: Ossuary.

You collected 212 gold pieces.

Inventory:

Hand Weapons
 e - a +1 dagger of venom (melded)
Missiles
 g - 109 stones (quivered)
Armour
 d - a +0 pair of gloves (melded)
 n - a +0 cloak (melded)
 r - a +0 buckler
Jewellery
 A - an uncursed ring of fire {unknown}
Wands
 y - a wand of lightning (6/15)
Scrolls
 f - 9 scrolls of remove curse {unknown}
 j - 2 scrolls of fear {unknown}
 k - a scroll of recharging {unknown}
 t - 6 scrolls of magic mapping {unknown}
 v - 3 scrolls of identify {unknown}
 w - a scroll of enchant weapon {unknown}
 x - a scroll of random uselessness {unknown}
Potions
 a - a potion of flight
 h - 3 potions of might
 l - 3 potions of magic {unknown}
 m - 3 potions of heal wounds {unknown}
 o - a potion of lignification {unknown}
 p - a potion of invisibility {unknown}
 u - a potion of brilliance {unknown}
Books
 b - a book of Changes

   Spells                             Type                      Level
   a - Beastly Appendage              Transmutation                1
   b - Sticks to Snakes               Transmutation                2
   c - Spider Form                    Transmutation/Poison         3
   d - Ice Form                       Ice/Transmutation            4
   e - Blade Hands                    Transmutation                5
Comestibles
 c - 2 bread rations
 q - 3 meat rations
 s - a royal jelly
 z - 3 chunks of flesh


   Skills:
 + Level 3.6 Fighting
 * Level 4.6 Dodging
 + Level 2.9 Stealth
 + Level 4.6 Unarmed Combat
 + Level 3.5 Spellcasting
 * Level 5.4 Transmutations
 * Level 4.7 Poison Magic


You had 10 spell levels left.
You knew the following spells:

 Your Spells              Type           Power        Failure   Level  Hunger
a - Beastly Appendage     Tmut           ###...       8%          1    None
b - Spider Form           Tmut/Pois      ###.......   17%         3    ###....


Dungeon Overview and Level Annotations

Branches:
Dungeon (5/15)
 Temple: D:4-7

Altars:
Dithmenos
Hepliaklqana


Innate Abilities, Weirdness & Mutations

((You can breathe blasts of scalding, opaque steam.))
((Your pale cyan-grey scales are hard. (AC +6)))
You cannot fit into any form of body armour.
((You are cold-blooded and may be slowed by cold attacks.))


Message History

The killer bee is heavily wounded.
The killer bee completely misses you. The killer bee closely misses you.
The killer bee stings you! The killer bee completely misses you.
The killer bee closely misses you. The killer bee completely misses you.
You kill the killer bee!
The killer bee misses you. The killer bee completely misses you.
You closely miss the killer bee. The killer bee barely misses you.
The killer bee stings you!
* * * LOW HITPOINT WARNING * * *
You are lethally poisoned!
The killer bee poisons you! The killer bee completely misses you.
The killer bee misses you.
* * * LOW HITPOINT WARNING * * *
You feel sick. The killer bee misses you. The killer bee completely misses you.
It was a potion of flight.
You feel very buoyant.
You fly up into the air.
* * * LOW HITPOINT WARNING * * *
You feel sick. The killer bee stings you!
You die...

.................................
.................................
.............# #.....###+###....
............# #.....# #....
...........# #.....###.###....
..........# #...#.+.._###....
....$...># ##..##.# #.###..#.
.........### #..###.# #.###
...........#####s.# #.###+###.# #
.............##yy.# #.........#
.............†...## #.###.)...#
##..............[# #...........#
#.....#.......#..##......###....
#.....##....####......#### ##...
......#....## ....### ####
..........## ..### ........##
#...


You could see 2 killer bees.

Vanquished Creatures
  Pikel (D:4)
  11 scorpions
  A killer bee (D:5)
  3 centaur zombies (Ossuary)
  3 human zombies (Ossuary)
  An orc wizard (D:3)
  An iguana (D:4)
  Terence (D:2)
  A worker ant (D:4)
  2 big kobold zombies (Ossuary)
  2 mummies (Ossuary)
  7 gnolls
  3 scorpion zombies (Ossuary)
  5 adders
  A shadow imp (D:5)
  2 oozes
  A worm zombie (D:4)
  2 dart slugs
  2 leopard geckos
  9 orcs
  2 ball pythons
  8 giant cockroaches
  4 gnoll zombies
  14 goblins
  8 hobgoblins
  10 jackals
  7 bats
  4 frilled lizards
  2 goblin zombies (Ossuary)
  A hobgoblin zombie (Ossuary)
  6 kobolds
  5 kobold zombies (Ossuary)
  A leopard gecko skeleton (D:4)
  3 orc zombies (Ossuary)
  9 rats
143 creatures vanquished.

Vanquished Creatures (others)
  A ghoul (D:1)
  3 octopodes (D:1)
  2 vine stalkers (D:1)
  A vampire (D:1)
  A human (D:1)
  A naga (D:1)
  A dwarf (D:1)
  2 centaurs (D:1)
  2 mummies
  2 orcs
  A kobold (D:1)
  A kobold zombie (Ossuary)
  5 tentacles (D:1)
23 creatures vanquished.

Grand Total: 166 creatures vanquished

Notes
Turn   | Place    | Note
-------+----------+-------------------------------------------
     0 | D:1      | roguesci the Draconian Transmuter began the quest for the Orb.
     0 | D:1      | Reached XP level 1. HP: 16/16 MP: 3/3
     2 | D:1      | Noticed a centaur
     2 | D:1      | Noticed a human
     2 | D:1      | Noticed a vine stalker
     2 | D:1      | Noticed a centaur
     2 | D:1      | Noticed a ghoul
     2 | D:1      | Noticed a kraken
     2 | D:1      | Noticed a naga
     2 | D:1      | Noticed a vine stalker
     2 | D:1      | Noticed a vampire
     2 | D:1      | Noticed an octopode
     2 | D:1      | Noticed an octopode
     2 | D:1      | Noticed an octopode
     2 | D:1      | Noticed a dwarf
     4 | D:1      | Killed an octopode
     5 | D:1      | Killed an octopode
     5 | D:1      | Killed a vine stalker
     6 | D:1      | Killed a dwarf
     6 | D:1      | Killed an octopode
     8 | D:1      | Killed a centaur
     9 | D:1      | Killed a human
    11 | D:1      | Killed a centaur
    11 | D:1      | Killed a vampire
    11 | D:1      | Killed a vine stalker
    12 | D:1      | Killed a naga
    16 | D:1      | Killed a ghoul
    84 | D:1      | Reached XP level 2. HP: 17/23 MP: 3/5
   841 | D:1      | Reached XP level 3. HP: 29/29 MP: 4/6
   859 | D:1      | Learned a level 3 spell: Spider Form
  1061 | D:2      | Found a shadowy altar of Dithmenos.
  1209 | D:2      | Noticed Terence
  1232 | D:2      | Killed Terence
  1232 | D:2      | Reached skill level 1 in Stealth
  1232 | D:2      | Reached XP level 4. HP: 32/36 MP: 7/7
  2316 | D:3      | Reached skill level 3 in Transmutations
  2316 | D:3      | Reached skill level 1 in Poison Magic
  2351 | D:3      | Reached XP level 5. HP: 42/42 MP: 8/8
  3205 | D:4      | Reached XP level 6. HP: 44/50 MP: 9/9
  3328 | D:4      | Found a sand-covered staircase.
  3363 | Ossuary  | Entered an ossuary
  3691 | Ossuary  | Reached skill level 4 in Transmutations
  4137 | Ossuary  | Your scales start taking on a pale cyan-grey colour.
  4137 | Ossuary  | Reached XP level 7. HP: 31/56 MP: 6/10
  4803 | Ossuary  | Reached XP level 8. HP: 58/63 MP: 8/12
  5191 | D:4      | Noticed Pikel
  5202 | D:4      | Killed Pikel
  5202 | D:4      | Reached skill level 5 in Transmutations
  5798 | D:5      | Entered Level 5 of the Dungeon
  6321 | D:5      | Found a hazy altar of Hepliaklqana.
  6375 | D:5      | Slain by a killer bee

Vault maps used:
D:1:      nicolae_arrival_kraken_aquarium_b, nrook_mini_vaults,
          minmay_curled_crystal
D:2:      mumra_celtic_spiral_tile, nicolae_dithmenos_shadow_blocks,
          roderic_lattice_a, uniq_terence
D:4:      first_bread, enter_ossuary_3, uniq_pikel
D:5:      lemuel_doored_altar, led_sif_book, nicolae_overflow_hidden_temple,
          grunt_decor_resistance, minivault_1
Ossuary:  ossuary_minmay_scorpions

Skill      XL: |  1  2  3  4  5  6  7  8 |
---------------+-------------------------+-----
Dodging        | 2 3 4 |  4.6
Fighting       | 2 3 |  3.6
Stealth        | 1 2 |  2.9
Transmutations | 3 4 5 |  5.4
Poison Magic   | 1 2 3 4 |  4.7
Unarmed Combat | 4 |  4.6
Spellcasting   | 3 |  3.5

Action                   |  1- 3 |  4- 6 |  7- 9 || total
-------------------------+-------+-------+-------++-------
Melee: Unarmed           |    26 |    28 |    88 ||   142
       Tailslap          |     6 |    36 |    18 ||    60
       Kick              |     2 |     2 |       ||     4
       Dagger            |    83 |   327 |   140 ||   550
       Headbutt          |     1 |       |       ||     1
       Punch             |       |     6 |     3 ||     9
Throw: Stone             |       |     3 |     1 ||     4
 Cast: Beastly Appendage |     4 |     1 |       ||     5
       Spider Form       |       |     4 |    11 ||    15
 Abil: Breathe Steam     |       |       |     2 ||     2
       End Transformatio |       |       |     1 ||     1
  Use: Potion            |     1 |       |     6 ||     7
 Stab: Sleeping          |     1 |     2 |       ||     3
  Eat: Chunk             |     1 |     7 |     3 ||    11
       Fruit             |       |     4 |       ||     4
       Royal jelly       |       |       |     3 ||     3
Armor: Skin              |    37 |    94 |    40 ||   171
Dodge: Dodged            |    63 |   208 |   166 ||   437
